 Dungeon Crawl Stone Soup version 0.18.1-48-g4cf74bf (webtiles) character file.

481 Gargoyl the Skirmisher (level 6, 0/49 HPs)
             Began as a Demonspawn Abyssal Knight on Sept 10, 2016.
             Was a Priest of Lugonu.
             Slain by an ogre
             ... wielding a +0 giant club
              (25 damage)
             ... on level 5 of the Dungeon.
             The game lasted 00:07:20 (3638 turns).

Gargoyl the Skirmisher (Demonspawn Abyssal Knight)  Turns: 3638, Time: 00:07:21

Health: 0/49       AC:  9    Str: 20    XL:     6   Next: 87%
Magic:  7/7        EV:  8    Int: 13    God:    Lugonu [***...]
Gold:   314        SH:  0    Dex: 12    Spells: 0 memorised, 5 levels left

rFire  + . .     SeeInvis .     g - +2 war axe (elec)
rCold  . . .     Gourm    .     A - +0 chain mail
rNeg   . . .     Faith    +     (no shield)
rPois  .         Spirit   .     (no helmet)
rElec  .         Dismiss  .     (no cloak)
rCorr  .         Reflect  .     (no gloves)
SustAt .         Harm     .     (no boots)
MR     .....                    v - amulet of faith
Stlth  ..........               y - ring of protection from fire
                                l - +5 ring of strength

@: very slightly contaminated, not resistant to hostile enchantments, extremely
unstealthy
A: hooves 2, powered by death 1
a: Depart the Abyss, Bend Space, Banish, Renounce Religion


You were on level 5 of the Dungeon.
You worshipped Lugonu.
Lugonu was most pleased with you.
You were not hungry.

You visited 1 branch of the dungeon, and saw 5 of its levels.
You visited the Abyss 1 time.

You collected 314 gold pieces.

Inventory:

Hand Weapons
 d - a +0 war axe
 g - a +2 war axe of electrocution (weapon)
Armour
 A - a +0 chain mail (worn)
Jewellery
 l - a +5 ring of strength (left hand)
 v - an amulet of faith (around neck)
 y - a ring of protection from fire (right hand)
Wands
 p - a wand of random effects (46/48)
Scrolls
 b - a scroll of magic mapping
 e - 6 scrolls of remove curse
 j - 3 scrolls of identify
 n - a scroll of teleportation
 t - a scroll of recharging
Potions
 h - 3 potions of agility {unknown}
 i - 2 potions of mutation {unknown}
 m - a potion of ambrosia {unknown}
 u - a potion of berserk rage {unknown}
 x - a potion of haste {unknown}
 z - 2 potions of heal wounds {unknown}
Books
 k - the Grimoire of Unstable Battle Magic
   (You found it on level 5 of the Dungeon)

   Spells                             Type                      Level
   a - Shroud of Golubria             Charms/Translocation         2
   b - Mephitic Cloud                 Conjuration/Poison/Air       3
   c - Static Discharge               Conjuration/Air              3
   d - Passage of Golubria            Translocation                4
Comestibles
 a - a royal jelly
 c - 4 bread rations
 f - 5 meat rations
 o - 2 beef jerkies
 r - a slice of pizza
 B - a chunk of flesh


   Skills:
 + Level 4.6 Fighting
 + Level 3.5 Axes
 * Level 3.9 Armour
 + Level 2.8 Dodging
 + Level 0.6 Stealth
 + Level 2.6 Invocations


You had 5 spell levels left.
You didn't know any spells.

Dungeon Overview and Level Annotations

Branches:
Dungeon (5/15)
 Temple: D:4-7

Altars:
Gozag
Qazlal
Vehumet


Innate Abilities, Weirdness & Mutations

You have hoof-like feet.
You regenerate a little health from kills.


Message History

Press: ? - help, Shift-Dir - straight line, f - you Really target yourself?
You fade into invisibility!
You are very lightly contaminated with residual magic.
This wand has 46 charges left.
You flicker for a moment.
You flicker back into view.
There is a stone staircase leading up here.
You climb upwards.
There is a stone staircase leading down here.
There is a stone staircase leading down here.
There is a stone staircase leading down here.
There is a stone staircase leading down here.
You climb downwards.
The ogre hits you with a giant club!!
There is a stone staircase leading up, spattered with blood here.
You hit the ogre. You kick the ogre, but do no damage.
The ogre is lightly wounded.
The ogre hits you with a giant club!!
Ouch! That really hurt!
You die...

,,,,,,,,,,,*
,,****,#.#.## *,*
#.##....###
*,**#.,.......#
.,,,..##....#.#
..,**#.....##.####
#..###...........#
#..........##..#.#
#..##......##..#@#
...............#O#
#..##...#..##..#.#
#..###.#...##..#.#
.........#.....#.#
..#.[#.#....#....##
,*##.#.##.#...#)..#
** ##..##.###.†)..#
,***.####.# ##†#..#


You could see an ogre.

Vanquished Creatures
  A phantom (D:4)
  A crimson imp (D:5)
  A hound (D:3)
  3 orc priests
  An orc wizard (D:4)
  3 worker ants
  4 adders
  An ooze (D:3)
  3 adder skeletons
  A worm (D:1)
  A dart slug (D:2)
  4 giant geckos
  15 orcs
  2 ball pythons
  A giant cockroach (D:1)
  10 goblins
  4 hobgoblins
  6 jackals
  3 bats
  A giant newt (D:1)
  4 kobolds
  5 rats
75 creatures vanquished.

Notes
Turn   | Place    | Note
--------------------------------------------------------------
     0 | Abyss:1  | Gargoyl the Demonspawn Abyssal Knight began the quest for the Orb.
     0 | Abyss:1  | Reached XP level 1. HP: 18/18 MP: 2/2
    28 | Abyss:1  | Found a corrupted altar of Lugonu.
    67 | Abyss:1  | Noticed a quasit
    67 | Abyss:1  | Found a corrupted altar of Lugonu.
    97 | Abyss:2  | Noticed a small abomination
    98 | D:1      | Escaped the Abyss
   100 | D:1      | Noticed an electric eel
   183 | D:1      | Reached * piety under Lugonu
   421 | D:1      | Gained mutation: You regenerate a little health from kills. [demonic ancestry]
   421 | D:1      | Reached XP level 2. HP: 23/24 MP: 3/3
   956 | D:1      | Reached skill level 1 in Dodging
  1131 | D:2      | Found a stormy altar of Qazlal.
  1206 | D:2      | Gained mutation: You have large cloven feet. [demonic ancestry]
  1206 | D:2      | Reached XP level 3. HP: 27/30 MP: 4/4
  1473 | D:2      | Reached ** piety under Lugonu
  1872 | D:3      | Reached skill level 4 in Fighting
  1872 | D:3      | Reached XP level 4. HP: 29/37 MP: 5/5
  2193 | D:3      | Found a radiant altar of Vehumet.
  2492 | D:4      | Gained mutation: You have hoof-like feet. [demonic ancestry]
  2492 | D:4      | Reached XP level 5. HP: 29/42 MP: 6/6
  2641 | D:4      | Noticed a phantom
  2675 | D:4      | Killed a phantom
  2706 | D:4      | Reached XP level 6. HP: 32/48 MP: 7/7
  3117 | D:4      | Found an opulent altar of Gozag.
  3425 | D:5      | Entered Level 5 of the Dungeon
  3430 | D:5      | Reached *** piety under Lugonu
  3596 | D:5      | Identified the Grimoire of Unstable Battle Magic (You found it on level 5 of the Dungeon)
  3638 | D:5      | Slain by an ogre

Skill      XL: |  1  2  3  4  5 |
---------------+----------------+-----
Axes           | 2 3 |  3.5
Dodging        | 1 2 |  2.8
Armour         | 2 3 |  3.9
Fighting       | 4 |  4.6
Stealth        | |  0.6
Invocations    | |  2.6

Action                   |  1- 3 |  4- 6 || total
-------------------------+-------+-------++-------
Melee: War axe           |    89 |   114 ||   203
       Kick              |    10 |    19 ||    29
Invok: Depart the Abyss  |     1 |       ||     1
Evoke: Wand              |       |     2 ||     2
  Use: Scroll            |       |    11 ||    11
  Eat: Chunk             |     3 |     6 ||     9
Armor: Leather armour    |    28 |       ||    28
       Ring mail         |     5 |     6 ||    11
       Chain mail        |       |    62 ||    62
Dodge: Dodged            |    82 |    58 ||   140
